[Event "Titled Tuesday Blitz October 31 Early 2023"]
[White "Nakamura, Hikaru"]
[Black "Tologon tegin, Semetei"]
[WhiteFideId "2016192"]
[BlackFideId "13800574"]
[WhiteElo "3235"]
[BlackElo "2526"]
[Result "1-0"]
[Round "1"]
[TimeControl "180+1"]
[Date "2023.10.31"]
[WhiteClock "0:00:33"]
[BlackClock "0:00:04"]
[Board "1"]

1. Nf3 c5 2. b3 Nc6 3. Bb2 Nf6 4. e3 d5 5. Bb5 Bd7 6. O-O Rc8 7. d3 Nb8 8. Bxd7+ Nbxd7 9. Nbd2 e6 10. e4 dxe4 11. dxe4 Be7 12. c4 Qc7 13. e5 Ng4 14. Qe2 O-O 15. h3 Nh6 16. g4 Rfd8 17. Ne4 Kh8 18. Rad1 Nf8 19. Nd6 Bxd6 20. exd6 Qb6 21. Ng5 Ng6 22. Qf3 Kg8 23. Ne4 Qc6 24. Qc3 e5 25. Rfe1 Rd7 26. Rd5 b6 27. Rxe5 Nxe5 28. Qxe5 f6 29. Nxf6+ gxf6 30. Qxf6 Qxd6 31. Qh8+ Kf7 32. Qg7# 1-0


[Site "https://www.chess.com"]

[Event "Titled Tuesday Blitz October 31 Early 2023"]
[White "Heinemann, Josefine"]
[Black "Naroditsky, Daniel"]
[WhiteFideId "12900460"]
[BlackFideId "2026961"]
[WhiteElo "2523"]
[BlackElo "3183"]
[Result "0-1"]
[Round "1"]
[TimeControl "180+1"]
[Date "2023.10.31"]
[WhiteClock "0:00:08"]
[BlackClock "0:01:02"]
[Board "2"]

1. e4 c5 2. c3 d5 3. exd5 Nf6 4. Bb5+ Nbd7 5. d4 a6 6. Be2 Nxd5 7. Nf3 e6 8. O-O Be7 9. c4 N5f6 10. Nc3 cxd4 11. Nxd4 Qc7 12. a3 O-O 13. b4 Rd8 14. Qb3 b6 15. Be3 Bb7 16. Rac1 Rac8 17. Rfd1 h6 18. Na4 Ne5 19. c5 Neg4 20. g3 Nxe3 21. Qxe3 Nd5 22. Qb3 b5 23. Nb2 Bf6 24. Bf3 Ne7 25. Bxb7 Qxb7 26. Ne2 Qe4 27. Nf4 Nc6 28. Rxd8+ Rxd8 29. Rd1 Nd4 30. Qa2 Nf3+ 31. Kf1 Nxh2+ 32. Kg1 Nf3+ 33. Kf1 Rxd1+ 34. Nxd1 Qe1+ 0-1


[Site "https://www.chess.com"]

[Event "Titled Tuesday Blitz October 31 Early 2023"]
[White "Martinez Alcantara, Jose Eduardo"]
[Black "Demin, Vladimir"]
[WhiteFideId "3805662"]
[BlackFideId "4167457"]
[WhiteElo "3144"]
[BlackElo "2523"]
[Result "1-0"]
[Round "1"]
[TimeControl "180+1"]
[Date "2023.10.31"]
[WhiteClock "0:01:23"]
[BlackClock "0:00:17"]
[Board "3"]

1. e4 e5 2. Nf3 Nc6 3. Bb5 a6 4. Ba4 Bc5 5. c3 Nge7 6. d4 Ba7 7. O-O Ng6 8. Bg5 f6 9. Be3 O-O 10. Nbd2 d6 11. h3 Nce7 12. Re1 Kh8 13. Bc2 h6 14. Nf1 f5 15. dxe5 Bxe3 16. Nxe3 f4 17. Nf5 Nxf5 18. exf5 Bxf5 19. Bxf5 Rxf5 20. Qd3 Qf8 21. exd6 cxd6 22. Re6 Ne5 23. Qxd6 Nxf3+ 24. gxf3 Rg5+ 25. Kh2 Qf5 26. Rg1 Rh5 27. Rg4 Qb1 28. Qxf4 Qxa2 29. Qd4 Rg8 30. Re7 Rd5 31. Rgxg7 1-0


[Site "https://www.chess.com"]

[Event "Titled Tuesday Blitz October 31 Early 2023"]
[White "Camilla_Lee"]
[Black "Andreikin, Dmitry"]
[BlackFideId "4158814"]
[WhiteElo "2522"]
[BlackElo "3096"]
[Result "0-1"]
[Round "1"]
[TimeControl "180+1"]
[Date "2023.10.31"]
[WhiteClock "0:00:01"]
[BlackClock "0:01:09"]
[Board "4"]

1. e4 c5 2. Nf3 e6 3. c3 Nf6 4. e5 Nd5 5. d4 cxd4 6. cxd4 b6 7. Bd3 Bb7 8. O-O d6 9. Nc3 Nd7 10. Re1 Nxc3 11. bxc3 Qc7 12. Bb2 Be7 13. c4 dxe5 14. Nxe5 Nxe5 15. Rxe5 Bf6 16. Re3 Rd8 17. Qg4 h5 18. Qe2 Bxd4 19. Bxd4 Rxd4 20. Be4 Rxe4 21. Rxe4 Bxe4 22. Qxe4 O-O 23. Rd1 g6 24. g3 Rc8 25. Rc1 Qc5 26. Qd3 b5 27. Qd7 bxc4 28. Rb1 Qc7 29. Qd4 c3 30. Rc1 c2 31. Qd3 Kg7 32. h4 Qc5 33. Qd2 Qc3 34. Qd7 Rb8 0-1


[Site "https://www.chess.com"]

[Event "Titled Tuesday Blitz October 31 Early 2023"]
[White "So, Wesley"]
[Black "Ekdyshman, Mikhail"]
[WhiteFideId "5202213"]
[BlackFideId "4149416"]
[WhiteElo "3093"]
[BlackElo "2520"]
[Result "1-0"]
[Round "1"]
[TimeControl "180+1"]
[Date "2023.10.31"]
[WhiteClock "0:01:52"]
[BlackClock "0:01:30"]
[Board "5"]

1. d4 Nf6 2. c4 c5 3. d5 b5 4. cxb5 a6 5. bxa6 Bxa6 6. Nc3 d6 7. e4 Bxf1 8. Kxf1 g6 9. Nf3 Qc8 10. g3 Qh3+ 11. Kg1 Bg7 12. Qf1 Qh5 13. Kg2 O-O 14. h3 Nxe4 15. g4 Nxc3 16. gxh5 Nxd5 17. hxg6 fxg6 18. Qc4 e6 19. Re1 Nc6 20. Rxe6 Rf5 21. Rxd6 Ne7 22. Bg5 Kh8 23. Bxe7 Nxe7 24. Qe4 Raf8 25. Qxe7 Rxf3 26. Rf1 Bxb2 27. Rd8 Bg7 28. Rxf8+ Rxf8 29. Rd1 c4 30. Rd8 Kg8 31. Qe6+ 1-0


[Site "https://www.chess.com"]

[Event "Titled Tuesday Blitz October 31 Early 2023"]
[White "TimGrutter03"]
[Black "Paravyan, David"]
[BlackFideId "4194985"]
[WhiteElo "2520"]
[BlackElo "3093"]
[Result "1/2-1/2"]
[Round "1"]
[TimeControl "180+1"]
[Date "2023.10.31"]
[WhiteClock "0:00:05"]
[BlackClock "0:00:11"]
[Board "6"]

1. d4 d5 2. Nf3 Nf6 3. g3 c5 4. Bg2 cxd4 5. Nxd4 e5 6. Nb3 Nc6 7. O-O h6 8. Nc3 d4 9. Ne4 Nxe4 10. Bxe4 Bh3 11. Re1 Bb4 12. Bd2 Bxd2 13. Qxd2 O-O 14. e3 Rc8 15. exd4 Nxd4 16. Nxd4 Qxd4 17. Qxd4 exd4 18. Rad1 Rfd8 19. Rd2 Re8 20. f3 Bf5 21. Kf2 Bxe4 22. Rxe4 Rxe4 23. fxe4 b5 24. Ke2 b4 25. Kd3 Rc6 26. Kxd4 Kf8 27. c4 bxc3 28. bxc3 Rd6+ 29. Ke3 Ra6 30. c4 Ke7 31. c5 Ra4 32. Rb2 Rc4 33. Rb7+ Ke6 34. Rxa7 Rxc5 35. Kf4 Rc2 36. Ra6+ Ke7 37. h4 h5 38. a4 Rf2+ 39. Ke3 Rg2 40. Kf3 Ra2 41. a5 g6 42. Kf4 Rf2+ 43. Ke5 Rf3 44. Ra7+ Kf8 45. a6 Rxg3 46. Rb7 Ra3 47. a7 Kg7 48. Kd6 g5 49. hxg5 h4 50. e5 h3 51. e6 h2 52. Rxf7+ Kg6 53. Rf1 Ra6+ 54. Ke5 Rxa7 55. Rh1 Ra2 56. Kd6 Rd2+ 57. Kc6 Kg7 58. Kc5 Kf8 59. g6 Ke7 60. g7 Rg2 61. Rxh2 Rxg7 62. Rh6 Rg1 63. Kd4 Re1 64. Kd5 Rd1+ 65. Ke5 Re1+ 66. Kd5 Rd1+ 67. Ke5 Re1+ 68. Kd5 1/2-1/2


[Site "https://www.chess.com"]

[Event "Titled Tuesday Blitz October 31 Early 2023"]
[White "Bluebaum, Matthias"]
[Black "Purtseladze, Maka"]
[WhiteFideId "24651516"]
[BlackFideId "13602659"]
[WhiteElo "3082"]
[BlackElo "2519"]
[Result "1-0"]
[Round "1"]
[TimeControl "180+1"]
[Date "2023.10.31"]
[WhiteClock "0:01:53"]
[BlackClock "0:00:04"]
[Board "7"]

1. d4 Nf6 2. c4 Nc6 3. Nf3 e6 4. Nc3 Bb4 5. Bd2 d6 6. Qc2 O-O 7. a3 Bxc3 8. Bxc3 a5 9. e4 e5 10. dxe5 dxe5 11. Nxe5 Nxe5 12. Bxe5 Re8 13. Rd1 Qe7 14. Bxf6 Qxf6 15. Be2 Qh4 16. O-O Be6 17. f4 Bg4 18. g3 Qh3 19. Bxg4 Qxg4 20. e5 Rad8 21. Kg2 h5 22. h3 Qe6 23. Qe4 Qb6 24. Qe2 Qb3 25. Rxd8 Rxd8 26. e6 fxe6 27. Qxe6+ Kh8 28. Qe2 Kg8 29. Re1 Qd3 30. Qxh5 Qxc4 31. Qe2 Qxe2+ 32. Rxe2 Rd3 33. h4 Rb3 34. Kh3 Kf7 35. Kg4 b5 36. h5 c5 37. Kh4 c4 38. g4 b4 39. axb4 axb4 40. g5 c3 41. bxc3 Rxc3 42. Kg4 b3 43. Re5 Rc2 44. Rb5 b2 45. Rb7+ Ke6 46. h6 gxh6 47. gxh6 Kf6 48. h7 Rh2 49. Rxb2 Rxh7 50. Rb6+ Kg7 51. Rb7+ Kh6 52. Rxh7+ Kxh7 53. Kf5 Kg7 54. Ke6 1-0


[Site "https://www.chess.com"]

[Event "Titled Tuesday Blitz October 31 Early 2023"]
[White "Nilsen, Tobias Lang"]
[Black "Caruana, Fabiano"]
[WhiteFideId "1521624"]
[BlackFideId "2020009"]
[WhiteElo "2518"]
[BlackElo "3078"]
[Result "1/2-1/2"]
[Round "1"]
[TimeControl "180+1"]
[Date "2023.10.31"]
[WhiteClock "0:00:13"]
[BlackClock "0:00:17"]
[Board "8"]

1. e4 c6 2. Nc3 d5 3. Nf3 Bg4 4. h3 Bxf3 5. Qxf3 e6 6. d3 Nf6 7. Bd2 Nbd7 8. O-O-O d4 9. Ne2 Qb6 10. g4 a5 11. g5 Ng8 12. Qg3 Bb4 13. f4 Ne7 14. h4 c5 15. Bh3 Nc6 16. h5 Bxd2+ 17. Rxd2 g6 18. f5 O-O-O 19. fxe6 fxe6 20. Bxe6 Nb4 21. Nf4 Qd6 22. a3 Nc6 23. Bxd7+ Qxd7 24. Rdh2 gxh5 25. Rxh5 Ne7 26. Rxh7 Rxh7 27. Rxh7 Qd6 28. Nh5 Qe6 29. Nf6 Rf8 30. Qh3 Qxh3 31. Rxh3 Ng6 32. Rh6 Ne5 33. b3 b5 34. g6 Rxf6 35. g7 Rf1+ 36. Kb2 Rg1 37. Rh8+ Kc7 38. g8=Q Rxg8 39. Rxg8 c4 40. b4 axb4 41. axb4 cxd3 42. cxd3 Nxd3+ 43. Kb3 Kd6 44. Kc2 Nxb4+ 45. Kd2 Kc5 46. Rc8+ Kd6 47. Rb8 Kc5 48. Rh8 Kd6 49. Rh5 Kc6 50. Rh6+ Kc5 51. e5 Kd5 52. e6 Nc6 53. Kd3 Ne5+ 54. Kd2 Nc6 55. Rh5+ Kxe6 56. Rxb5 Ne5 57. Ke2 Kf5 58. Kd2 Ke4 59. Rxe5+ Kxe5 60. Kd3 Kd5 61. Kd2 Ke4 62. Ke2 Kd5 63. Kd3 Kc5 64. Kd2 Kc4 65. Kc2 Kc5 66. Kd3 Kd5 67. Kd2 Ke5 68. Kd3 Kd5 1/2-1/2


[Site "https://www.chess.com"]

[Event "Titled Tuesday Blitz October 31 Early 2023"]
[White "Makarian, Rudik"]
[Black "vishwa_vijeta"]
[WhiteFideId "44105681"]
[WhiteElo "3051"]
[BlackElo "2517"]
[Result "1-0"]
[Round "1"]
[TimeControl "180+1"]
[Date "2023.10.31"]
[WhiteClock "0:00:09"]
[BlackClock "0:00:06"]
[Board "9"]

1. d4 Nf6 2. c4 g6 3. Nc3 d5 4. Bg5 Ne4 5. cxd5 Nxg5 6. h4 Ne4 7. Nxe4 Qxd5 8. Nc3 Qa5 9. h5 Bg7 10. h6 Bf6 11. Qd2 O-O 12. e3 Rd8 13. Ne4 Qxd2+ 14. Kxd2 Bh8 15. Nf3 e5 16. Bc4 exd4 17. Neg5 dxe3+ 18. Ke2 exf2 19. Bxf7+ Kf8 20. Bb3 Rd7 21. Rh4 Re7+ 22. Kxf2 Nc6 23. Rd1 Bf5 24. Rf4 Ne5 25. Nh4 Bf6 26. Ngf3 Ng4+ 27. Kg3 Ne3 28. Nxf5 Nxf5+ 29. Kh3 Ke8 30. g4 Ne3 31. Rd3 Bh8 32. Ng5 Re5 33. Nf7 Nd5 34. Bxd5 Re7 35. Nxh8 Rd8 36. Bf7+ Rxf7 37. Rxd8+ Kxd8 38. Rxf7 Ke8 39. Rxh7 Kd8 40. Rg7 Ke8 41. Nxg6 Kd8 42. h7 Ke8 43. h8=Q# 1-0


[Site "https://www.chess.com"]

[Event "Titled Tuesday Blitz October 31 Early 2023"]
[White "Estrada Nieto, Julian"]
[Black "Keymer, Vincent"]
[WhiteFideId "5101018"]
[BlackFideId "12940690"]
[WhiteElo "2516"]
[BlackElo "3051"]
[Result "0-1"]
[Round "1"]
[TimeControl "180+1"]
[Date "2023.10.31"]
[WhiteClock "0:00:00"]
[BlackClock "0:00:46"]
[Board "10"]

1. e4 c6 2. d4 d5 3. Nc3 dxe4 4. Nxe4 Nf6 5. Nxf6+ exf6 6. c3 Bd6 7. Bd3 O-O 8. Ne2 Re8 9. Qc2 h5 10. O-O h4 11. Bf4 Na6 12. h3 Nc7 13. Bxd6 Qxd6 14. Rfe1 Bd7 15. c4 Rad8 16. Rad1 Bc8 17. Bf5 Bxf5 18. Qxf5 Re7 19. Nc3 g6 20. Qg4 Rxe1+ 21. Rxe1 f5 22. Qxh4 Qxd4 23. Qxd4 Rxd4 24. Re7 Ne6 25. Rxb7 a5 26. b3 Rd3 27. Na4 Rd1+ 28. Kh2 Rd2 29. Kg1 Rxa2 30. Rb6 Nd4 31. Rb8+ Kg7 32. Nc5 Ne2+ 33. Kh2 Nd4 34. Kg1 Rb2 35. Ra8 Rb1+ 36. Kh2 Rf1 37. f3 Ra1 38. b4 Ra2 39. Kg1 Rc2 40. bxa5 Rxc4 41. Nb7 f4 42. Nd6 Rc1+ 43. Kf2 Rc2+ 44. Kf1 Ra2 45. Ra7 Kf6 46. Nxf7 Nf5 47. Nd6 Ne3+ 48. Ke1 Nxg2+ 49. Kd1 Ne3+ 50. Kc1 Ke5 51. Kb1 Ra3 52. Ne4 Nd5 53. a6 Nb4 54. Kb2 Rxa6 55. Re7+ Kd4 56. Rd7+ Nd5 57. Rg7 c5 58. h4 Ke3 59. Rd7 Nf6 60. Nxf6 Rxf6 61. Rd5 Kxf3 62. Rxc5 Kg3 63. Rg5+ Kxh4 64. Rg1 f3 0-1


[Site "https://www.chess.com"]

[Event "Titled Tuesday Blitz October 31 Early 2023"]
[White "Terry, Renato"]
[Black "Hnydiuk, Aleksander"]
[WhiteFideId "3803457"]
[BlackFideId "1109057"]
[WhiteElo "3012"]
[BlackElo "2513"]
[Result "1-0"]
[Round "1"]
[TimeControl "180+1"]
[Date "2023.10.31"]
[WhiteClock "0:00:12"]
[BlackClock "0:00:09"]
[Board "11"]

1. e4 e5 2. Nf3 Nc6 3. c3 Nf6 4. d4 d5 5. Bb5 a6 6. Bxc6+ bxc6 7. Nxe5 Nxe4 8. O-O Bd6 9. f3 Bxe5 10. dxe5 Ng5 11. Qa4 Bd7 12. Qa3 Ne6 13. f4 Qe7 14. Qxe7+ Kxe7 15. Be3 f5 16. exf6+ gxf6 17. Nd2 a5 18. f5 Ng7 19. g4 h5 20. Rae1 Kf7 21. Bc5 Rae8 22. Rxe8 Rxe8 23. h3 Rb8 24. b3 a4 25. Re1 Re8 26. Rxe8 Nxe8 27. bxa4 hxg4 28. hxg4 Bc8 29. Kf2 Nd6 30. Bxd6 cxd6 31. Ke3 c5 32. Nf1 Ke7 33. Ng3 Bd7 34. a5 Bb5 35. Nh5 Bc4 36. a3 Bb5 37. Nf4 Bc4 38. a6 Bxa6 39. Nxd5+ Kf7 40. a4 Bb7 41. c4 Bc6 42. a5 Bb7 43. Nc7 1-0


[Site "https://www.chess.com"]

[Event "Titled Tuesday Blitz October 31 Early 2023"]
[White "Ronka, Erik"]
[Black "Pranav, V"]
[WhiteFideId "505080"]
[BlackFideId "25060783"]
[WhiteElo "2512"]
[BlackElo "3012"]
[Result "0-1"]
[Round "1"]
[TimeControl "180+1"]
[Date "2023.10.31"]
[WhiteClock "0:00:02"]
[BlackClock "0:01:21"]
[Board "12"]

1. e4 c6 2. d4 d5 3. Nd2 dxe4 4. Nxe4 Nf6 5. Nxf6+ exf6 6. c3 Bd6 7. Bd3 O-O 8. Qc2 Re8+ 9. Ne2 h5 10. O-O Na6 11. Ng3 h4 12. Nf5 Bxf5 13. Bxf5 Nc7 14. Bd2 Nd5 15. Rae1 Qc7 16. h3 Bh2+ 17. Kh1 Bf4 18. Be4 Bxd2 19. Qxd2 Nf4 20. Re3 g6 21. Rfe1 Kg7 22. Bf3 Re6 23. Rxe6 Nxe6 24. Bd1 Rd8 25. Qe3 c5 26. dxc5 Nxc5 27. Bf3 b6 28. c4 Nd3 29. Re2 Ne5 30. Bd5 Nxc4 31. Bxc4 Qxc4 32. b3 Qb4 33. Kh2 Rd1 34. Qe7 Qf4+ 35. g3 Qf3 0-1


[Site "https://www.chess.com"]

[Event "Titled Tuesday Blitz October 31 Early 2023"]
[White "Le, Quang Liem"]
[Black "Reprintsev, Alexander"]
[WhiteFideId "12401137"]
[BlackFideId "14100541"]
[WhiteElo "3004"]
[BlackElo "2512"]
[Result "1-0"]
[Round "1"]
[TimeControl "180+1"]
[Date "2023.10.31"]
[WhiteClock "0:01:35"]
[BlackClock "0:01:46"]
[Board "13"]

1. Nf3 d5 2. e3 Nc6 3. d4 Bg4 4. c4 e6 5. Nc3 Bb4 6. Bd2 f5 7. Qb3 Nf6 8. cxd5 exd5 9. Bb5 Bxc3 10. Qxc3 Bxf3 11. Bxc6+ bxc6 12. Qxc6+ Kf7 13. gxf3 Qd7 14. Rc1 Rhc8 15. Ke2 Rab8 16. b3 Rb6 17. Qxd7+ Nxd7 18. Rc2 c6 19. Rhc1 Nb8 20. Kd3 Rb7 21. Rc5 Rd7 22. Ra5 a6 23. Bb4 Re8 24. Bc5 Re6 25. Ra4 Rh6 26. Rb4 Rd8 27. Rb7+ Kg6 28. Rg1+ 1-0


[Site "https://www.chess.com"]

[Event "Titled Tuesday Blitz October 31 Early 2023"]
[White "subham777"]
[Black "Theodorou, Nikolas"]
[BlackFideId "4262875"]
[WhiteElo "2511"]
[BlackElo "3004"]
[Result "0-1"]
[Round "1"]
[TimeControl "180+1"]
[Date "2023.10.31"]
[WhiteClock "0:00:01"]
[BlackClock "0:02:10"]
[Board "14"]

1. e4 a6 2. d4 c6 3. Nf3 d5 4. Nc3 Bg4 5. exd5 cxd5 6. h3 Bxf3 7. Qxf3 e6 8. Bd3 Nc6 9. Ne2 Nb4 10. c3 Nxd3+ 11. Qxd3 Ne7 12. O-O Rc8 13. Bg5 Qd7 14. Ng3 h6 15. Bd2 g6 16. Rfe1 Bg7 17. a4 O-O 18. Nf1 Nf5 19. Nh2 Kh7 20. Ng4 f6 21. Ne3 Nd6 22. f3 Qc6 23. h4 h5 24. Nf1 e5 25. Ng3 Rce8 26. b3 e4 27. fxe4 dxe4 28. Qf1 f5 29. Rac1 f4 30. Bxf4 Bh6 31. Ne2 e3 32. g3 Ne4 33. Qg2 Qd7 34. Bxh6 Kxh6 35. Nf4 Nd2 36. Re2 Qg4 37. Rce1 Nf3+ 38. Kh1 Nxe1 39. Rxe1 Rxf4 40. gxf4 Qxh4+ 0-1


[Site "https://www.chess.com"]

[Event "Titled Tuesday Blitz October 31 Early 2023"]
[White "Elsa167"]
[Black "Aash20"]
[WhiteElo "3000"]
[BlackElo "2508"]
[Result "1-0"]
[Round "1"]
[TimeControl "180+1"]
[Date "2023.10.31"]
[WhiteClock "0:01:39"]
[BlackClock "0:02:31"]
[Board "15"]

1. d4 d5 2. c4 c6 3. cxd5 cxd5 4. Bf4 Nf6 5. e3 g6 6. Nc3 Bg7 7. Bd3 O-O 8. h3 Nc6 9. Nf3 a6 10. Rc1 Bf5 11. Bxf5 gxf5 12. g4 fxg4 13. hxg4 Nxg4 14. Rxh7 Kxh7 15. Ng5+ Kg8 16. Qxg4 Qc8 17. Qh5 Qf5 18. Nxd5 f6 19. Rxc6 fxg5 20. Nxe7# 1-0


[Site "https://www.chess.com"]

[Event "Titled Tuesday Blitz October 31 Early 2023"]
[White "Alinasab, Mobina"]
[Black "Oparin, Grigoriy"]
[WhiteFideId "12528897"]
[BlackFideId "24125890"]
[WhiteElo "2508"]
[BlackElo "2992"]
[Result "0-1"]
[Round "1"]
[TimeControl "180+1"]
[Date "2023.10.31"]
[WhiteClock "0:00:00"]
[BlackClock "0:00:11"]
[Board "16"]

1. e4 c5 2. Nf3 e6 3. d4 cxd4 4. Nxd4 Nf6 5. Nc3 Nc6 6. Be2 Bb4 7. O-O Bxc3 8. bxc3 Nxe4 9. Nxc6 dxc6 10. Bd3 Nxc3 11. Qg4 O-O 12. Bh6 Qf6 13. Bg5 Qe5 14. Rae1 f5 15. Qb4 Ne4 16. Be7 Re8 17. Bxe4 fxe4 18. Rxe4 a5 19. Qe1 Qc7 20. Bh4 a4 21. Bg3 Qa5 22. Qe3 e5 23. Rxe5 Rxe5 24. Bxe5 Bf5 25. Qd4 Qd5 26. Qc3 Qf7 27. h3 a3 28. Rd1 Be6 29. Bd6 Rd8 30. Rd3 Bf5 31. Rd2 Qxa2 32. g4 Bg6 33. f4 Qe6 34. f5 Qe1+ 35. Kg2 Rxd6 36. Qb3+ Bf7 0-1


[Site "https://www.chess.com"]

[Event "Titled Tuesday Blitz October 31 Early 2023"]
[White "Le, Tuan Minh"]
[Black "Kubicka, Anna"]
[WhiteFideId "12401153"]
[BlackFideId "1152254"]
[WhiteElo "2979"]
[BlackElo "2506"]
[Result "1-0"]
[Round "1"]
[TimeControl "180+1"]
[Date "2023.10.31"]
[WhiteClock "0:00:55"]
[BlackClock "0:00:04"]
[Board "17"]

1. d4 Nf6 2. Nf3 d5 3. c4 e6 4. Nc3 Bb4 5. e3 O-O 6. Bd2 c5 7. a3 cxd4 8. axb4 dxc3 9. Bxc3 dxc4 10. Bxc4 Qxd1+ 11. Rxd1 Nbd7 12. b5 Nb6 13. Be2 Nfd5 14. Bd4 f6 15. Nd2 e5 16. Bc5 Rd8 17. Ne4 Be6 18. Ba3 Rd7 19. Nc5 Re7 20. g3 Ree8 21. e4 Nc7 22. Nxb7 Nc4 23. Bxc4 Bxc4 24. Rc1 Nxb5 25. Rxc4 Rab8 26. Nd6 Nxa3 27. bxa3 Rb1+ 28. Ke2 Rxh1 29. Nxe8 Rxh2 30. Rc7 h5 31. Nxg7 h4 32. gxh4 Rxh4 33. f3 Rh2+ 34. Ke3 Ra2 35. Rxa7 Rb2 36. Nh5 Rb3+ 37. Kf2 1-0


[Site "https://www.chess.com"]

[Event "Titled Tuesday Blitz October 31 Early 2023"]
[White "Slade, Theodore"]
[Black "Bok, Benjamin"]
[WhiteFideId "426547"]
[BlackFideId "1017063"]
[WhiteElo "2506"]
[BlackElo "2973"]
[Result "1/2-1/2"]
[Round "1"]
[TimeControl "180+1"]
[Date "2023.10.31"]
[WhiteClock "0:00:11"]
[BlackClock "0:00:06"]
[Board "18"]

1. d4 Nf6 2. c4 e6 3. g3 c5 4. d5 exd5 5. cxd5 d6 6. Nc3 g6 7. Bg2 Bg7 8. Nf3 O-O 9. O-O Re8 10. Bf4 h6 11. h4 Bf5 12. Nd2 Nh5 13. Be3 Rxe3 14. fxe3 Nxg3 15. Rf3 Qxh4 16. Qe1 Qb4 17. Qxg3 Qxb2 18. Raf1 Qxc3 19. e4 Qxd2 20. exf5 Be5 21. fxg6 Bxg3 22. gxf7+ Kf8 23. Rxg3 Qd4+ 24. e3 Qh8 25. Rg8+ Qxg8 26. fxg8=Q+ Kxg8 27. Rf6 Nd7 28. Rxd6 Ne5 29. Rxh6 Re8 30. d6 Kg7 31. Rh5 Kf6 32. Bxb7 Rd8 33. Rh6+ Kg5 34. Re6 Kf5 35. Rh6 Ng4 36. Rh5+ Kg6 37. Rxc5 Rxd6 38. Rc6 Rxc6 39. Bxc6 Nxe3 40. Kf2 Nc4 41. Ke2 Kf6 42. Kd1 Ke5 43. Kc2 Kd4 44. Ba4 Na5 45. Bb3 Kc5 46. Kb2 Nc6 47. Kc3 Ne5 48. Bc2 Nd7 49. Bb3 Nb6 50. Bc2 Nd5+ 51. Kb2 Kb4 52. a3+ Ka5 53. Bb3 Nb6 54. Ka2 Nd7 55. Kb2 Nc5 56. Ka2 Nd3 57. Kb1 Kb6 58. Ka2 Kc5 59. Bc2 Ne5 60. Bb3 Kd4 61. Kb2 Nd3+ 62. Ka2 Kc3 63. Be6 Nc1+ 64. Ka1 Ne2 65. Ka2 Nd4 66. Bf7 a5 67. a4 Kb4 68. Be8 Ne2 69. Kb2 Nc3 70. Ka1 Ka3 71. Bd7 Ne4 72. Be8 Nc5 73. Bc6 Nb3+ 74. Kb1 Nd4 75. Be8 Ne2 76. Ka1 Nf4 77. Bd7 Nd3 78. Be8 Ne5 79. Bb5 Kb3 80. Kb1 Nf3 81. Ka1 Nd2 82. Be8 Kc3 83. Bd7 Nc4 84. Be8 Nb6 85. Bc6 Kb4 86. Be8 Nd5 87. Bd7 Nc7 88. Bc6 Ne6 89. Bd7 Nd4 90. Be8 Kb3 91. Bd7 Nc2+ 92. Kb1 Ne3 93. Be8 Kc3 94. Ka1 Nc2+ 95. Ka2 Nb4+ 96. Ka3 Nd3 97. Bd7 Ne5 98. Be8 Nc4+ 99. Ka2 Nd6 100. Bd7 Ne4 101. Be8 Nc5 102. Ka3 Nd3 103. Bd7 Nb4 104. Be8 Kd4 105. Bd7 Kc5 106. Be8 Nd5 107. Kb3 Nb6 108. Bb5 Na8 109. Kc3 Nc7 110. Kb3 Nd5 111. Be8 Ne3 112. Bb5 Nf5 113. Be8 Nd4+ 114. Ka3 Kc4 115. Bb5+ Kc3 116. Ka2 Nc2 117. Be8 1/2-1/2


[Site "https://www.chess.com"]

[Event "Titled Tuesday Blitz October 31 Early 2023"]
[White "Shimanov, Aleksandr"]
[Black "Barria Santos, Jose Guilherme"]
[WhiteFideId "4198603"]
[BlackFideId "1939300"]
[WhiteElo "2971"]
[BlackElo "2503"]
[Result "1-0"]
[Round "1"]
[TimeControl "180+1"]
[Date "2023.10.31"]
[WhiteClock "0:01:40"]
[BlackClock "0:00:12"]
[Board "19"]

1. b3 e5 2. Bb2 Nc6 3. e3 d6 4. Nf3 Nf6 5. d4 exd4 6. Nxd4 Be7 7. Be2 O-O 8. O-O Bd7 9. c4 Re8 10. Nc3 Bf8 11. Bf3 a6 12. Qd2 Rb8 13. Rfd1 Ne5 14. Be2 g6 15. Rac1 Bg7 16. h3 Qe7 17. Nd5 Qd8 18. f4 Nc6 19. Bf3 Nxd4 20. Qxd4 Nh5 21. Qd2 Bxb2 22. Qxb2 Be6 23. Nc3 Nf6 24. e4 Qe7 25. Re1 Nd7 26. Rcd1 Nc5 27. f5 Bd7 28. Nd5 Qd8 29. Nf6+ 1-0


[Site "https://www.chess.com"]

[Event "Titled Tuesday Blitz October 31 Early 2023"]
[White "Tomb, Maroun"]
[Black "Zhigalko, Sergei"]
[WhiteFideId "5300398"]
[BlackFideId "13502956"]
[WhiteElo "2502"]
[BlackElo "2967"]
[Result "1/2-1/2"]
[Round "1"]
[TimeControl "180+1"]
[Date "2023.10.31"]
[WhiteClock "0:00:55"]
[BlackClock "0:00:04"]
[Board "20"]

1. e4 c5 2. Ne2 Nc6 3. Nbc3 Nf6 4. g3 g6 5. d4 cxd4 6. Nxd4 d6 7. Nde2 Bg7 8. Bg2 O-O 9. O-O Nd7 10. a4 b6 11. e5 Bb7 12. exd6 Nc5 13. dxe7 Qxe7 14. Nd5 Qd8 15. Nec3 Re8 16. Be3 Ne5 17. b3 Rc8 18. Qe2 h5 19. h3 Nc6 20. Rad1 Nd4 21. Qd2 Nf5 22. Bg5 f6 23. Bf4 g5 24. Be3 Nxe3 25. Nxe3 Qxd2 26. Rxd2 Bxg2 27. Kxg2 Nxb3 28. cxb3 Rxc3 29. Nf5 Bf8 30. Rd7 a5 31. g4 hxg4 32. hxg4 Rxb3 33. Rh1 Rb4 34. Kg3 Rxa4 35. Nh6+ Bxh6 36. Rxh6 Rf4 37. Rg6+ Kh8 38. Rgg7 Rb8 39. Rh7+ Kg8 40. Rdg7+ Kf8 41. Ra7 Kg8 42. Rhg7+ Kh8 43. Rh7+ Kg8 44. Rag7+ Kf8 45. Rc7 Kg8 46. Rcg7+ 1/2-1/2


[Site "https://www.chess.com"]

[Event "Titled Tuesday Blitz October 31 Early 2023"]
[White "Drygalov, Sergey"]
[Black "Goltseva, Ekaterina"]
[WhiteFideId "24171743"]
[BlackFideId "24173770"]
[WhiteElo "2961"]
[BlackElo "2501"]
[Result "1/2-1/2"]
[Round "1"]
[TimeControl "180+1"]
[Date "2023.10.31"]
[WhiteClock "0:00:03"]
[BlackClock "0:00:16"]
[Board "21"]

1. d4 d5 2. c4 dxc4 3. Nf3 a6 4. e3 Bg4 5. Bxc4 e6 6. h3 Bh5 7. g4 Bg6 8. Ne5 Be4 9. f3 Bd5 10. Nc3 Bxc4 11. Nxc4 Qh4+ 12. Ke2 Nc6 13. Bd2 O-O-O 14. a3 Nge7 15. b4 Nd5 16. Rb1 Qg3 17. Qg1 Nf4+ 18. exf4 Nxd4+ 19. Kd1 Qxf3+ 20. Kc1 Qd3 21. Qd1 Qxc4 22. Kb2 g6 23. Rc1 Bg7 24. Rh2 Nb5 25. Qb3 Qd4 26. a4 Nd6 27. Be1 Qxf4 28. Rf2 Nc4+ 29. Kb1 Qd4 30. Rfc2 Ne3 31. Bf2 Kb8 32. b5 a5 33. b6 cxb6 34. Rd1 Qxd1+ 35. Nxd1 Rxd1+ 36. Rc1 Rxc1+ 37. Kxc1 Nd5 38. Bxb6 Rc8+ 39. Kd1 Rc3 40. Qb5 Nxb6 41. Qxb6 Rd3+ 42. Ke2 Rd5 43. Qb3 Bd4 44. Kf3 Ka7 45. Qc4 Bb6 46. h4 Rd4 47. Qc2 Rd5 48. g5 Rd4 49. Kg3 Rb4 50. Kh3 Rd4 51. Qb3 Rb4 52. Qf3 Rd4 53. Qxf7 Rxa4 54. Qxh7 Ra3+ 55. Kg2 Ra2+ 56. Kf3 Ra3+ 57. Ke2 Ra2+ 58. Kd3 Ra3+ 59. Kc2 Ra2+ 60. Kb3 Rh2 61. Qxg6 Rxh4 62. Qxe6 a4+ 63. Kc2 Rh2+ 64. Kd3 a3 65. Qc4 a2 66. Qa4+ Kb8 67. g6 Rg2 68. g7 Rxg7 69. Qxa2 Rc7 70. Ke4 Rc6 71. Kd5 Kc7 72. Qh2+ Kc8 73. Qf4 Rc5+ 74. Ke6 Rc6+ 75. Kd5 Rc5+ 76. Ke6 Rc6+ 77. Kf5 Rc5+ 78. Kg4 Rc6 79. Qf8+ Kc7 80. Qe8 Bc5 81. Kf3 Kb6 82. Ke4 Bd6 83. Kd5 Ka7 84. Qe4 Bc7 85. Qa4+ Kb8 86. Qe4 Bb6 87. Qe8+ Ka7 88. Qe4 Bc7 89. Qe3+ Bb6 90. Qe7 Rc5+ 91. Ke4 Rc6 92. Qa3+ Kb8 93. Qf8+ Ka7 94. Qb4 Kb8 95. Qb5 Ka7 96. Qa4+ Kb8 97. Qa2 Kc7 98. Kf5 Kb8 99. Ke5 Bc7+ 100. Kd5 Bb6 101. Qh2+ Bc7 102. Qh8+ Ka7 103. Qf8 Bb6 104. Qa3+ Kb8 105. Qe7 Bc7 106. Qe8+ Ka7 107. Qg8 Bb6 108. Ke4 Bc7 109. Kd3 Bb6 110. Qa2+ Kb8 111. Qg8+ Ka7 112. Qf8 Bc7 113. Qa3+ Kb8 1/2-1/2


[Site "https://www.chess.com"]